 Dungeon Crawl Stone Soup version 0.19.0-11-g3fc08b3 (webtiles) character file.

3694 Gargoyl the Cleaver (level 9, -3/75 HPs)
             Began as a Demonspawn Abyssal Knight on Nov 9, 2016.
             Was a Priest of Lugonu.
             Slain by an ogre
             ... wielding a +0 giant club
              (16 damage)
             ... on level 9 of the Dungeon.
             The game lasted 00:15:27 (8274 turns).

Gargoyl the Cleaver (Demonspawn Abyssal Knight)     Turns: 8274, Time: 00:15:28

Health: -3/75      AC: 18    Str: 16    XL:     9   Next: 90%
Magic:  14/14      EV:  6    Int: 14    God:    Lugonu [***...]
Gold:   102        SH: 10    Dex: 14    Spells: 0 memorised, 8 levels left

rFire  + . .     SeeInvis .     a - +2 hand axe
rCold  + + .     Gourm    .     k - +0 plate armour
rNeg   . . .     Faith    .     l - +1 shield {rF+}
rPois  .         Spirit   .     (no helmet)
rElec  .         Reflect  .     z - +0 cloak
rCorr  .         Harm     .     y - +1 pair of gloves
MR     .....     Rnd*Rage +     u - +1 pair of boots
Stlth  ..........               (no amulet)
                                E - +3 ring of evasion
                                s - +3 ring of slaying

@: lethally poisoned (-3 -> -10), exhausted, slowed, very slow
A: hooves 2, thin skeletal structure 1, berserk 2, cold resistance 2,
nightstalker 2, robust 1
a: Depart the Abyss, Bend Space, Banish, Renounce Religion


You were on level 9 of the Dungeon.
You worshipped Lugonu.
Lugonu was most pleased with you.
You were not hungry.

You visited 1 branch of the dungeon, and saw 8 of its levels.
You visited the Abyss 1 time.

You collected 354 gold pieces.
You spent 252 gold pieces at shops.

Inventory:

Hand Weapons
 a - a +2 hand axe (weapon)
 H - a +0 trident of freezing
Armour
 k - a +0 plate armour (worn)
 l - a +1 shield of fire resistance (worn)
 u - a +1 pair of boots (worn)
 y - a +1 pair of gloves (worn)
 z - a +0 cloak (worn)
Jewellery
 h - a +3 ring of intelligence {unknown}
 m - an uncursed ring of positive energy
 s - a +3 ring of slaying (left hand)
 v - an uncursed ring of protection from magic
 D - an uncursed ring of magical power {unknown}
 E - a +3 ring of evasion (right hand)
 K - an uncursed ring of protection from fire {unknown}
Wands
 o - a wand of lightning (7/15)
 F - a wand of random effects (30/48)
 J - a wand of polymorph (17/24)
Scrolls
 e - 2 scrolls of recharging
 g - 2 scrolls of amnesia
 n - 2 scrolls of remove curse
 r - 2 scrolls of magic mapping
 I - a scroll of identify
Potions
 b - a potion of flight
 d - 2 potions of heal wounds
 i - a potion of brilliance {unknown}
 p - 2 potions of berserk rage {unknown}
 q - 4 potions of curing
 t - a potion of might
 w - a potion of agility
 x - a potion of degeneration {unknown}
 A - 2 potions of ambrosia
Comestibles
 c - 4 bread rations
 f - 6 fruits
 j - 2 slices of pizza
 B - a beef jerky
 C - a royal jelly


   Skills:
 + Level 6.2 Fighting
 + Level 8.1 Axes
 * Level 6.7 Armour
 + Level 1.6 Dodging
 + Level 3.3 Shields
 * Level 7.5 Invocations


You had 8 spell levels left.
You didn't know any spells.

Dungeon Overview and Level Annotations

Branches:
Dungeon (9/15)             Temple (0/1) D:6
   Lair: D:8-11         Orc: D:9-12

Altars:
Makhleb
Nemelex Xobeh
Zin

Shops:
D:5 !   D:9 %

Annotations:
Abyss:1 Erolcha


Innate Abilities, Weirdness & Mutations

You have hoof-like feet.
You have a somewhat thin skeletal structure. (Dex +2, Stealth)
Your flesh is very cold resistant. (rC++)
You are significantly more attuned to the shadows.
You often lose your temper in combat.
You are robust. (+10% HP)


Message History

You feel sick. You block the killer bee's attack.
The killer bee barely misses you. The ogre barely misses you.
The killer bee stings you.
* * * LOW HITPOINT WARNING * * *
You block the ogre's attack.
You hit the ogre but do no damage.
The ogre is moderately wounded.
You hit the killer bee.
You feel sick. The killer bee stings you.
* * * LOW HITPOINT WARNING * * *
You are more poisoned.
The killer bee poisons you!
The killer bee stings you but does no damage.
You block the killer bee's attack. The ogre hits you but does no damage.
You hit the ogre.
The ogre is moderately wounded.
You hit the killer bee.
You kill the killer bee!
Lugonu accepts your kill.
You feel sick. The ogre hits you with a giant club!
You die...

###########
....†@.....
#####†O#### .
.......#####..
..............
..............
.........####
.........#
.........######
.[............


You could see an ogre.

Vanquished Creatures
  The ghost of Jerry the Carver, a novice MiMo of Dithmenos (D:6)
  The ghost of freekh the Changer, an amateur DrTm (D:5)
  A two-headed ogre (D:8)
  Sigmund (D:3)
  A wyvern (D:9)
  An orc warrior (D:9)
  2 phantoms
  An ogre (D:6)
  A necrophage (D:9)
  2 centaurs (D:9)
  A big kobold (D:9)
  2 bullfrogs
  A scorpion (D:4)
  2 killer bees (D:9)
  3 crimson imps
  A quasit (D:9)
  A centaur zombie (D:9)
  6 hounds
  5 orc priests
  A gnoll shaman (D:6)
  3 jellies
  8 orc wizards
  Crazy Yiuf (D:5)
  An iguana (D:4)
  Natasha (twice) (D:2)
  4 worker ants
  2 hound skeletons
  A howler monkey zombie (D:5)
  3 gnolls (D:6)
  7 adders
  2 shadow imps
  An ooze (D:4)
  2 adder skeletons
  4 worms
  5 leopard geckos
  22 orcs
  5 giant cockroaches
  6 hobgoblins
  2 jackals (D:1)
  2 quokkas
  10 bats
  2 frilled lizards
  9 goblins
  12 kobolds
  A quokka zombie (D:4)
  7 rats
159 creatures vanquished.

Notes
Turn   | Place    | Note
-------+----------+-------------------------------------------
     0 | Abyss:1  | Gargoyl the Demonspawn Abyssal Knight began the quest for the Orb.
     0 | Abyss:1  | Reached XP level 1. HP: 18/18 MP: 2/2
    41 | Abyss:1  | Found a corrupted altar of Lugonu.
   154 | Abyss:1  | Noticed an ettin zombie
   166 | Abyss:1  | Noticed a mana viper
   173 | Abyss:1  | Noticed an ice beast
   174 | Abyss:1  | Noticed a raiju
   175 | D:1      | Escaped the Abyss
   485 | D:1      | Reached * piety under Lugonu
   555 | D:1      | Gained mutation: You are slightly more attuned to the shadows. [demonic ancestry]
   555 | D:1      | Reached XP level 2. HP: 16/24 MP: 3/3
   849 | D:1      | Reached skill level 2 in Axes
  1089 | D:2      | Reached skill level 1 in Dodging
  1094 | D:2      | Reached XP level 3. HP: 18/29 MP: 3/5
  1920 | D:2      | Gained mutation: You have large cloven feet. [demonic ancestry]
  1920 | D:2      | Reached XP level 4. HP: 32/37 MP: 6/6
  2191 | D:2      | Noticed Natasha
  2207 | D:2      | Killed Natasha
  2666 | D:2      | Noticed Natasha
  2670 | D:2      | Killed Natasha
  2670 | D:2      | Reached XP level 5. HP: 38/42 MP: 7/7
  2721 | D:3      | Noticed Sigmund
  2743 | D:3      | Killed Sigmund
  2743 | D:3      | Reached skill level 3 in Axes
  2743 | D:3      | Gained mutation: Your flesh is cold resistant. (rC+) [demonic ancestry]
  2743 | D:3      | Reached XP level 6. HP: 36/48 MP: 8/8
  3499 | D:3      | Reached ** piety under Lugonu
  4057 | D:4      | Reached skill level 4 in Axes
  4057 | D:4      | Gained mutation: You have a somewhat thin skeletal structure. (Dex +2, Stealth) [demonic ancestry]
  4057 | D:4      | Reached XP level 7. HP: 24/55 MP: 10/10
  4915 | D:5      | Entered Level 5 of the Dungeon
  5380 | D:5      | Found a runed door.
  5384 | D:5      | Noticed Crazy Yiuf
  5398 | D:5      | Killed Crazy Yiuf
  5708 | D:5      | Noticed freekh's ghost (amateur DrTm)
  5735 | D:5      | Killed freekh's ghost
  5735 | D:5      | Reached skill level 5 in Axes
  5735 | D:5      | Reached XP level 8. HP: 53/61 MP: 11/11
  5873 | D:5      | Found a glowing silver altar of Zin.
  5873 | D:5      | Found a sparkling altar of Nemelex Xobeh.
  5930 | D:5      | Found Kitay's Distillery.
  5932 | D:5      | Reached skill level 5 in Armour
  5932 | D:5      | Reached skill level 5 in Invocations
  5937 | D:5      | Bought a potion of ambrosia for 96 gold pieces
  5937 | D:5      | Bought a potion of ambrosia for 96 gold pieces
  5937 | D:5      | Bought a potion of heal wounds for 60 gold pieces
  6072 | D:5      | Reached skill level 5 in Fighting
  6631 | D:6      | Reached skill level 6 in Axes
  6675 | D:6      | Reached skill level 1 in Shields
  6819 | D:6      | Found a staircase to the Ecumenical Temple.
  6849 | D:6      | Noticed Jerry's ghost (novice MiMo)
  6865 | D:6      | Gained mutation: Your flesh is very cold resistant. (rC++) [potion of mutation]
  6865 | D:6      | Gained mutation: You have hoof-like feet. [potion of mutation]
  6865 | D:6      | Gained mutation: You tend to lose your temper in combat. [potion of mutation]
  6866 | D:6      | Gained mutation: You often lose your temper in combat. [potion of mutation]
  6866 | D:6      | Gained mutation: You are robust. (+10% HP) [potion of mutation]
  6885 | D:6      | Killed Jerry's ghost
  6885 | D:6      | Reached *** piety under Lugonu
  6939 | D:6      | Gained mutation: You are significantly more attuned to the shadows. [demonic ancestry]
  6939 | D:6      | Reached XP level 9. HP: 38/74 MP: 13/13
  7362 | D:6      | You fall through a shaft for 3 floors!
  7372 | D:9      | Found Vanlafeith's Food Shop.
  7483 | D:9      | Reached skill level 7 in Axes
  7484 | D:9      | Found a burning altar of Makhleb.
  7659 | D:9      | Noticed Erolcha
  7667 | D:9      | Banished Erolcha
  8243 | D:8      | Reached skill level 8 in Axes
  8274 | D:9      | Slain by an ogre

Skill      XL: |  1  2  3  4  5  6  7  8  9 |
---------------+----------------------------+-----
Armour         | 2 3 4 5 6 |  6.7
Axes           | 2 3 4 5 6 8 |  8.1
Dodging        | 1 |  1.6
Fighting       | 4 5 6 |  6.2
Invocations    | 3 4 6 7 |  7.5
Shields        | 1 3 |  3.3

Action                   |  1- 3 |  4- 6 |  7- 9 || total
-------------------------+-------+-------+-------++-------
Melee: Hand axe          |   114 |   191 |   434 ||   739
Invok: Depart the Abyss  |     1 |       |       ||     1
       Banish            |       |       |     2 ||     2
  Use: Scroll            |     5 |     4 |     5 ||    14
       Potion            |       |     3 |     5 ||     8
 Stab: Sleeping          |     3 |       |       ||     3
  Eat: Chunk             |     3 |     3 |     5 ||    11
       Bread ration      |       |     1 |     2 ||     3
       Fruit             |       |     1 |       ||     1
Armor: Leather armour    |    24 |       |       ||    24
       Ring mail         |    15 |       |       ||    15
       Plate armour      |    36 |   129 |   316 ||   481
       Skin              |       |     9 |       ||     9
Dodge: Dodged            |    68 |    71 |   114 ||   253
Block: Shield            |       |       |   166 ||   166
